Workbook

Sheet Summary
A1: Lawn Care Accounts Payable Tracker
A2: Fictional Fieldstone Lawn & Landscape — indicators calculated from entered supplier bills
A3: As of Date | B3: =TODAY()
A4: Amount Indicators | D4: Workflow Indicators
A5: Bill Count | B5: =COUNTIF(Bills!$A$5:$A$104,"<>") | D5: Awaiting Approval | E5: =COUNTIFS(Bills!$A$5:$A$104,"<>",Bills!$O$5:$O$104,"Pending")
A6: Total Entered Amount | B6: =SUM(Bills!$N$5:$N$104) | D6: Overdue Bills | E6: =COUNTIF(Bills!$V$5:$V$104,"Overdue")
A7: Outstanding Amount | B7: =SUMIFS(Bills!$N$5:$N$104,Bills!$A$5:$A$104,"<>",Bills!$Q$5:$Q$104,"<>Paid",Bills!$Q$5:$Q$104,"<>Voided") | D7: Due Soon Bills | E7: =COUNTIF(Bills!$V$5:$V$104,"Due soon")
A8: Overdue Amount | B8: =SUMIFS(Bills!$N$5:$N$104,Bills!$V$5:$V$104,"Overdue") | D8: On Hold Bills | E8: =COUNTIF(Bills!$V$5:$V$104,"On hold")
A9: Paid Amount | B9: =SUMIFS(Bills!$N$5:$N$104,Bills!$Q$5:$Q$104,"Paid") | D9: Payment Date Checks | E9: =COUNTIF(Bills!$V$5:$V$104,"Check payment date")
A10: Average Entered Bill | B10: =IFERROR(AVERAGEIF(Bills!$A$5:$A$104,"<>",Bills!$N$5:$N$104),"") | D10: Voided Bills | E10: =COUNTIFS(Bills!$A$5:$A$104,"<>",Bills!$Q$5:$Q$104,"Voided")
A12: Cost Category | B12: Outstanding Amount
A13: =IF(Assumptions!B6="","",Assumptions!B6) | B13: =IF(A13="","",IFERROR(SUMIFS(Bills!$N$5:$N$104,Bills!$F$5:$F$104,A13,Bills!$Q$5:$Q$104,"<>Paid",Bills!$Q$5:$Q$104,"<>Voided"),0))
A14: =IF(Assumptions!B7="","",Assumptions!B7) | B14: =IF(A14="","",IFERROR(SUMIFS(Bills!$N$5:$N$104,Bills!$F$5:$F$104,A14,Bills!$Q$5:$Q$104,"<>Paid",Bills!$Q$5:$Q$104,"<>Voided"),0))
A15: =IF(Assumptions!B8="","",Assumptions!B8) | B15: =IF(A15="","",IFERROR(SUMIFS(Bills!$N$5:$N$104,Bills!$F$5:$F$104,A15,Bills!$Q$5:$Q$104,"<>Paid",Bills!$Q$5:$Q$104,"<>Voided"),0))
A16: =IF(Assumptions!B9="","",Assumptions!B9) | B16: =IF(A16="","",IFERROR(SUMIFS(Bills!$N$5:$N$104,Bills!$F$5:$F$104,A16,Bills!$Q$5:$Q$104,"<>Paid",Bills!$Q$5:$Q$104,"<>Voided"),0))
A17: =IF(Assumptions!B10="","",Assumptions!B10) | B17: =IF(A17="","",IFERROR(SUMIFS(Bills!$N$5:$N$104,Bills!$F$5:$F$104,A17,Bills!$Q$5:$Q$104,"<>Paid",Bills!$Q$5:$Q$104,"<>Voided"),0))
A18: =IF(Assumptions!B11="","",Assumptions!B11) | B18: =IF(A18="","",IFERROR(SUMIFS(Bills!$N$5:$N$104,Bills!$F$5:$F$104,A18,Bills!$Q$5:$Q$104,"<>Paid",Bills!$Q$5:$Q$104,"<>Voided"),0))
A19: =IF(Assumptions!B12="","",Assumptions!B12) | B19: =IF(A19="","",IFERROR(SUMIFS(Bills!$N$5:$N$104,Bills!$F$5:$F$104,A19,Bills!$Q$5:$Q$104,"<>Paid",Bills!$Q$5:$Q$104,"<>Voided"),0))
A20: =IF(Assumptions!B13="","",Assumptions!B13) | B20: =IF(A20="","",IFERROR(SUMIFS(Bills!$N$5:$N$104,Bills!$F$5:$F$104,A20,Bills!$Q$5:$Q$104,"<>Paid",Bills!$Q$5:$Q$104,"<>Voided"),0))

Sheet Bills
A1: Supplier Bills
A2: Enter bill details in yellow cells. Review alerts are prompts for a staff check.
A4: Bill ID | B4: Supplier | C4: Supplier Invoice # | D4: Invoice Date | E4: Due Date | F4: Cost Category | G4: Property / Job | H4: Bill Description | I4: Quantity | J4: Unit | K4: Unit Cost | L4: Subtotal | M4: Tax / Fees | N4: Total Amount | O4: Approval Status | P4: Reviewed By | Q4: Payment Status | R4: Payment Date | S4: Payment Method | T4: Payment Reference | U4: Days to Due | V4: Review Alert | X4: Supplier Choices | Y4: Category Choices | Z4: Unit Choices | AA4: Approval Choices | AB4: Payment Choices | AC4: Method Choices | AD4: Reviewer Choices
A5: FAP-2026-001 | B5: Fictional Meadow Supply Co. | C5: FMS-2026-091 | D5: 46220 | E5: 46250 | F5: Materials | G5: Fictional Maple Kite Residence | H5: Spring bed mulch purchase | I5: 18 | J5: cubic yards | K5: 42.5 | L5: =IF(OR(A5="",I5="",K5=""),"",IFERROR(I5*K5,"")) | M5: 63.11 | N5: =IF(A5="","",IFERROR(L5+IF(M5="",0,M5),"")) | O5: Approved | P5: Fictional Employee - Avery Reed | Q5: Paid | R5: 46248 | S5: ACH | T5: Fictional ACH 2026001 | U5: =IF(OR(A5="",E5="",Q5="Paid",Q5="Voided"),"",IFERROR(E5-TODAY(),"")) | V5: =IF(A5="","",IF(Q5="Voided","Voided",IF(O5="Rejected","Review rejected bill",IF(O5<>"Approved","Approval check",IF(Q5="Paid",IF(R5="","Check payment date","Paid"),IF(Q5="On Hold","On hold",IF(Q5="","Payment status check",IF(E5="","Check due date",IF(E5<TODAY(),"Overdue",IF(E5<=TODAY()+Assumptions!$B$3,"Due soon","Open")))))))))) | X5: =Assumptions!$A$6 | Y5: =Assumptions!$B$6 | Z5: =Assumptions!$C$6 | AA5: =Assumptions!$D$6 | AB5: =Assumptions!$E$6 | AC5: =Assumptions!$F$6 | AD5: =Assumptions!$G$6
A6: FAP-2026-002 | B6: Fictional Ironleaf Equipment LLC | C6: FIE-2026-144 | D6: 46233 | E6: 46263 | F6: Equipment Repair | G6: Fictional Blue Heron Commons | H6: Commercial mower deck repair | I6: 3 | J6: each | K6: 145 | L6: =IF(OR(A6="",I6="",K6=""),"",IFERROR(I6*K6,"")) | M6: 0 | N6: =IF(A6="","",IFERROR(L6+IF(M6="",0,M6),"")) | O6: Approved | P6: Fictional Employee - Morgan Vale | Q6: Open | U6: =IF(OR(A6="",E6="",Q6="Paid",Q6="Voided"),"",IFERROR(E6-TODAY(),"")) | V6: =IF(A6="","",IF(Q6="Voided","Voided",IF(O6="Rejected","Review rejected bill",IF(O6<>"Approved","Approval check",IF(Q6="Paid",IF(R6="","Check payment date","Paid"),IF(Q6="On Hold","On hold",IF(Q6="","Payment status check",IF(E6="","Check due date",IF(E6<TODAY(),"Overdue",IF(E6<=TODAY()+Assumptions!$B$3,"Due soon","Open")))))))))) | X6: =Assumptions!$A$7 | Y6: =Assumptions!$B$7 | Z6: =Assumptions!$C$7 | AA6: =Assumptions!$D$7 | AB6: =Assumptions!$E$7 | AC6: =Assumptions!$F$7 | AD6: =Assumptions!$G$7
A7: FAP-2026-003 | B7: Fictional Northstar Fuel Depot | C7: FNF-2026-318 | D7: 46257 | E7: 46278 | F7: Fuel | G7: Fictional Central Field Yard | H7: Fuel purchase for field equipment | I7: 128.5 | J7: gallons | K7: 3.69 | L7: =IF(OR(A7="",I7="",K7=""),"",IFERROR(I7*K7,"")) | M7: 0 | N7: =IF(A7="","",IFERROR(L7+IF(M7="",0,M7),"")) | O7: Approved | P7: Fictional Employee - Avery Reed | Q7: Scheduled | S7: ACH | U7: =IF(OR(A7="",E7="",Q7="Paid",Q7="Voided"),"",IFERROR(E7-TODAY(),"")) | V7: =IF(A7="","",IF(Q7="Voided","Voided",IF(O7="Rejected","Review rejected bill",IF(O7<>"Approved","Approval check",IF(Q7="Paid",IF(R7="","Check payment date","Paid"),IF(Q7="On Hold","On hold",IF(Q7="","Payment status check",IF(E7="","Check due date",IF(E7<TODAY(),"Overdue",IF(E7<=TODAY()+Assumptions!$B$3,"Due soon","Open")))))))))) | X7: =Assumptions!$A$8 | Y7: =Assumptions!$B$8 | Z7: =Assumptions!$C$8 | AA7: =Assumptions!$D$8 | AB7: =Assumptions!$E$8 | AC7: =Assumptions!$F$8 | AD7: =Assumptions!$G$8
A8: FAP-2026-004 | B8: Fictional Clearbrook Disposal | C8: FCD-2026-072 | D8: 46265 | E8: 46295 | F8: Disposal | G8: Fictional Copper Finch Offices | H8: Green waste disposal | I8: 4 | J8: tons | K8: 96 | L8: =IF(OR(A8="",I8="",K8=""),"",IFERROR(I8*K8,"")) | M8: 0 | N8: =IF(A8="","",IFERROR(L8+IF(M8="",0,M8),"")) | O8: Pending | Q8: Open | U8: =IF(OR(A8="",E8="",Q8="Paid",Q8="Voided"),"",IFERROR(E8-TODAY(),"")) | V8: =IF(A8="","",IF(Q8="Voided","Voided",IF(O8="Rejected","Review rejected bill",IF(O8<>"Approved","Approval check",IF(Q8="Paid",IF(R8="","Check payment date","Paid"),IF(Q8="On Hold","On hold",IF(Q8="","Payment status check",IF(E8="","Check due date",IF(E8<TODAY(),"Overdue",IF(E8<=TODAY()+Assumptions!$B$3,"Due soon","Open")))))))))) | X8: =Assumptions!$A$9 | Y8: =Assumptions!$B$9 | Z8: =Assumptions!$C$9 | AB8: =Assumptions!$E$9 | AC8: =Assumptions!$F$9 | AD8: =Assumptions!$G$9
A9: FAP-2026-005 | B9: Fictional Greenbeam Nursery | C9: FGN-2026-227 | D9: 46240 | E9: 46270 | F9: Plant Material | G9: Fictional Lantern Fox Courtyard | H9: Shrub stock for approved job plan | I9: 24 | J9: each | K9: 18.75 | L9: =IF(OR(A9="",I9="",K9=""),"",IFERROR(I9*K9,"")) | M9: 37.13 | N9: =IF(A9="","",IFERROR(L9+IF(M9="",0,M9),"")) | O9: Approved | P9: Fictional Employee - Jordan Lake | Q9: On Hold | U9: =IF(OR(A9="",E9="",Q9="Paid",Q9="Voided"),"",IFERROR(E9-TODAY(),"")) | V9: =IF(A9="","",IF(Q9="Voided","Voided",IF(O9="Rejected","Review rejected bill",IF(O9<>"Approved","Approval check",IF(Q9="Paid",IF(R9="","Check payment date","Paid"),IF(Q9="On Hold","On hold",IF(Q9="","Payment status check",IF(E9="","Check due date",IF(E9<TODAY(),"Overdue",IF(E9<=TODAY()+Assumptions!$B$3,"Due soon","Open")))))))))) | X9: =Assumptions!$A$10 | Y9: =Assumptions!$B$10 | Z9: =Assumptions!$C$10 | AB9: =Assumptions!$E$10 | AC9: =Assumptions!$F$10
A10: FAP-2026-006 | B10: Fictional Alderline Rentals | C10: FAR-2026-056 | D10: 46237 | E10: 46267 | F10: Equipment Rental | G10: Fictional Juniper Rocket Campus | H10: Compact loader rental | I10: 16 | J10: hours | K10: 58 | L10: =IF(OR(A10="",I10="",K10=""),"",IFERROR(I10*K10,"")) | M10: 0 | N10: =IF(A10="","",IFERROR(L10+IF(M10="",0,M10),"")) | O10: Approved | P10: Fictional Employee - Morgan Vale | Q10: Paid | R10: 46270 | S10: Check | T10: Fictional Check 2026106 | U10: =IF(OR(A10="",E10="",Q10="Paid",Q10="Voided"),"",IFERROR(E10-TODAY(),"")) | V10: =IF(A10="","",IF(Q10="Voided","Voided",IF(O10="Rejected","Review rejected bill",IF(O10<>"Approved","Approval check",IF(Q10="Paid",IF(R10="","Check payment date","Paid"),IF(Q10="On Hold","On hold",IF(Q10="","Payment status check",IF(E10="","Check due date",IF(E10<TODAY(),"Overdue",IF(E10<=TODAY()+Assumptions!$B$3,"Due soon","Open")))))))))) | X10: =Assumptions!$A$11 | Y10: =Assumptions!$B$11 | Z10: =Assumptions!$C$11
A11: FAP-2026-007 | B11: Fictional Papertrail Office Supply | C11: FPO-2026-811 | D11: 46266 | E11: 46280 | F11: Office | G11: Fictional Central Field Yard | H11: Printer toner and filing folders | I11: 6 | J11: each | K11: 27.5 | L11: =IF(OR(A11="",I11="",K11=""),"",IFERROR(I11*K11,"")) | M11: 14.03 | N11: =IF(A11="","",IFERROR(L11+IF(M11="",0,M11),"")) | O11: Rejected | P11: Fictional Employee - Riley Moss | Q11: Open | U11: =IF(OR(A11="",E11="",Q11="Paid",Q11="Voided"),"",IFERROR(E11-TODAY(),"")) | V11: =IF(A11="","",IF(Q11="Voided","Voided",IF(O11="Rejected","Review rejected bill",IF(O11<>"Approved","Approval check",IF(Q11="Paid",IF(R11="","Check payment date","Paid"),IF(Q11="On Hold","On hold",IF(Q11="","Payment status check",IF(E11="","Check due date",IF(E11<TODAY(),"Overdue",IF(E11<=TODAY()+Assumptions!$B$3,"Due soon","Open")))))))))) | X11: =Assumptions!$A$12 | Y11: =Assumptions!$B$12 | Z11: =Assumptions!$C$12
A12: FAP-2026-008 | B12: Fictional Harborstone Repair | C12: FHR-2026-403 | D12: 46260 | E12: 46290 | F12: Equipment Repair | G12: Fictional Willow Comet Center | H12: Trailer lighting repair | I12: 1 | J12: each | K12: 620 | L12: =IF(OR(A12="",I12="",K12=""),"",IFERROR(I12*K12,"")) | M12: 0 | N12: =IF(A12="","",IFERROR(L12+IF(M12="",0,M12),"")) | O12: Pending | Q12: Voided | U12: =IF(OR(A12="",E12="",Q12="Paid",Q12="Voided"),"",IFERROR(E12-TODAY(),"")) | V12: =IF(A12="","",IF(Q12="Voided","Voided",IF(O12="Rejected","Review rejected bill",IF(O12<>"Approved","Approval check",IF(Q12="Paid",IF(R12="","Check payment date","Paid"),IF(Q12="On Hold","On hold",IF(Q12="","Payment status check",IF(E12="","Check due date",IF(E12<TODAY(),"Overdue",IF(E12<=TODAY()+Assumptions!$B$3,"Due soon","Open")))))))))) | X12: =Assumptions!$A$13 | Y12: =Assumptions!$B$13 | Z12: =Assumptions!$C$13
A13: FAP-2026-009 | B13: Fictional Meadow Supply Co. | C13: FMS-2026-108 | D13: 46254 | E13: 46275 | F13: Materials | G13: Fictional Silver Acorn Village | H13: Bulk mulch purchase | I13: 12 | J13: cubic yards | K13: 39 | L13: =IF(OR(A13="",I13="",K13=""),"",IFERROR(I13*K13,"")) | M13: 38.61 | N13: =IF(A13="","",IFERROR(L13+IF(M13="",0,M13),"")) | O13: Approved | P13: Fictional Employee - Jordan Lake | Q13: Open | U13: =IF(OR(A13="",E13="",Q13="Paid",Q13="Voided"),"",IFERROR(E13-TODAY(),"")) | V13: =IF(A13="","",IF(Q13="Voided","Voided",IF(O13="Rejected","Review rejected bill",IF(O13<>"Approved","Approval check",IF(Q13="Paid",IF(R13="","Check payment date","Paid"),IF(Q13="On Hold","On hold",IF(Q13="","Payment status check",IF(E13="","Check due date",IF(E13<TODAY(),"Overdue",IF(E13<=TODAY()+Assumptions!$B$3,"Due soon","Open"))))))))))
A14: FAP-2026-010 | B14: Fictional Ironleaf Equipment LLC | C14: FIE-2026-159 | D14: 46271 | E14: 46306 | F14: Equipment Repair | G14: Fictional Cedar Balloon Apartments | H14: Trimmer head replacement parts | I14: 10 | J14: each | K14: 24.8 | L14: =IF(OR(A14="",I14="",K14=""),"",IFERROR(I14*K14,"")) | M14: 20.46 | N14: =IF(A14="","",IFERROR(L14+IF(M14="",0,M14),"")) | O14: Approved | P14: Fictional Employee - Avery Reed | Q14: Open | U14: =IF(OR(A14="",E14="",Q14="Paid",Q14="Voided"),"",IFERROR(E14-TODAY(),"")) | V14: =IF(A14="","",IF(Q14="Voided","Voided",IF(O14="Rejected","Review rejected bill",IF(O14<>"Approved","Approval check",IF(Q14="Paid",IF(R14="","Check payment date","Paid"),IF(Q14="On Hold","On hold",IF(Q14="","Payment status check",IF(E14="","Check due date",IF(E14<TODAY(),"Overdue",IF(E14<=TODAY()+Assumptions!$B$3,"Due soon","Open"))))))))))
L15: =IF(OR(A15="",I15="",K15=""),"",IFERROR(I15*K15,"")) | N15: =IF(A15="","",IFERROR(L15+IF(M15="",0,M15),"")) | U15: =IF(OR(A15="",E15="",Q15="Paid",Q15="Voided"),"",IFERROR(E15-TODAY(),"")) | V15: =IF(A15="","",IF(Q15="Voided","Voided",IF(O15="Rejected","Review rejected bill",IF(O15<>"Approved","Approval check",IF(Q15="Paid",IF(R15="","Check payment date","Paid"),IF(Q15="On Hold","On hold",IF(Q15="","Payment status check",IF(E15="","Check due date",IF(E15<TODAY(),"Overdue",IF(E15<=TODAY()+Assumptions!$B$3,"Due soon","Open"))))))))))
L16: =IF(OR(A16="",I16="",K16=""),"",IFERROR(I16*K16,"")) | N16: =IF(A16="","",IFERROR(L16+IF(M16="",0,M16),"")) | U16: =IF(OR(A16="",E16="",Q16="Paid",Q16="Voided"),"",IFERROR(E16-TODAY(),"")) | V16: =IF(A16="","",IF(Q16="Voided","Voided",IF(O16="Rejected","Review rejected bill",IF(O16<>"Approved","Approval check",IF(Q16="Paid",IF(R16="","Check payment date","Paid"),IF(Q16="On Hold","On hold",IF(Q16="","Payment status check",IF(E16="","Check due date",IF(E16<TODAY(),"Overdue",IF(E16<=TODAY()+Assumptions!$B$3,"Due soon","Open"))))))))))
L17: =IF(OR(A17="",I17="",K17=""),"",IFERROR(I17*K17,"")) | N17: =IF(A17="","",IFERROR(L17+IF(M17="",0,M17),"")) | U17: =IF(OR(A17="",E17="",Q17="Paid",Q17="Voided"),"",IFERROR(E17-TODAY(),"")) | V17: =IF(A17="","",IF(Q17="Voided","Voided",IF(O17="Rejected","Review rejected bill",IF(O17<>"Approved","Approval check",IF(Q17="Paid",IF(R17="","Check payment date","Paid"),IF(Q17="On Hold","On hold",IF(Q17="","Payment status check",IF(E17="","Check due date",IF(E17<TODAY(),"Overdue",IF(E17<=TODAY()+Assumptions!$B$3,"Due soon","Open"))))))))))
L18: =IF(OR(A18="",I18="",K18=""),"",IFERROR(I18*K18,"")) | N18: =IF(A18="","",IFERROR(L18+IF(M18="",0,M18),"")) | U18: =IF(OR(A18="",E18="",Q18="Paid",Q18="Voided"),"",IFERROR(E18-TODAY(),"")) | V18: =IF(A18="","",IF(Q18="Voided","Voided",IF(O18="Rejected","Review rejected bill",IF(O18<>"Approved","Approval check",IF(Q18="Paid",IF(R18="","Check payment date","Paid"),IF(Q18="On Hold","On hold",IF(Q18="","Payment status check",IF(E18="","Check due date",IF(E18<TODAY(),"Overdue",IF(E18<=TODAY()+Assumptions!$B$3,"Due soon","Open"))))))))))
L19: =IF(OR(A19="",I19="",K19=""),"",IFERROR(I19*K19,"")) | N19: =IF(A19="","",IFERROR(L19+IF(M19="",0,M19),"")) | U19: =IF(OR(A19="",E19="",Q19="Paid",Q19="Voided"),"",IFERROR(E19-TODAY(),"")) | V19: =IF(A19="","",IF(Q19="Voided","Voided",IF(O19="Rejected","Review rejected bill",IF(O19<>"Approved","Approval check",IF(Q19="Paid",IF(R19="","Check payment date","Paid"),IF(Q19="On Hold","On hold",IF(Q19="","Payment status check",IF(E19="","Check due date",IF(E19<TODAY(),"Overdue",IF(E19<=TODAY()+Assumptions!$B$3,"Due soon","Open"))))))))))
L20: =IF(OR(A20="",I20="",K20=""),"",IFERROR(I20*K20,"")) | N20: =IF(A20="","",IFERROR(L20+IF(M20="",0,M20),"")) | U20: =IF(OR(A20="",E20="",Q20="Paid",Q20="Voided"),"",IFERROR(E20-TODAY(),"")) | V20: =IF(A20="","",IF(Q20="Voided","Voided",IF(O20="Rejected","Review rejected bill",IF(O20<>"Approved","Approval check",IF(Q20="Paid",IF(R20="","Check payment date","Paid"),IF(Q20="On Hold","On hold",IF(Q20="","Payment status check",IF(E20="","Check due date",IF(E20<TODAY(),"Overdue",IF(E20<=TODAY()+Assumptions!$B$3,"Due soon","Open"))))))))))
L21: =IF(OR(A21="",I21="",K21=""),"",IFERROR(I21*K21,"")) | N21: =IF(A21="","",IFERROR(L21+IF(M21="",0,M21),"")) | U21: =IF(OR(A21="",E21="",Q21="Paid",Q21="Voided"),"",IFERROR(E21-TODAY(),"")) | V21: =IF(A21="","",IF(Q21="Voided","Voided",IF(O21="Rejected","Review rejected bill",IF(O21<>"Approved","Approval check",IF(Q21="Paid",IF(R21="","Check payment date","Paid"),IF(Q21="On Hold","On hold",IF(Q21="","Payment status check",IF(E21="","Check due date",IF(E21<TODAY(),"Overdue",IF(E21<=TODAY()+Assumptions!$B$3,"Due soon","Open"))))))))))
L22: =IF(OR(A22="",I22="",K22=""),"",IFERROR(I22*K22,"")) | N22: =IF(A22="","",IFERROR(L22+IF(M22="",0,M22),"")) | U22: =IF(OR(A22="",E22="",Q22="Paid",Q22="Voided"),"",IFERROR(E22-TODAY(),"")) | V22: =IF(A22="","",IF(Q22="Voided","Voided",IF(O22="Rejected","Review rejected bill",IF(O22<>"Approved","Approval check",IF(Q22="Paid",IF(R22="","Check payment date","Paid"),IF(Q22="On Hold","On hold",IF(Q22="","Payment status check",IF(E22="","Check due date",IF(E22<TODAY(),"Overdue",IF(E22<=TODAY()+Assumptions!$B$3,"Due soon","Open"))))))))))
L23: =IF(OR(A23="",I23="",K23=""),"",IFERROR(I23*K23,"")) | N23: =IF(A23="","",IFERROR(L23+IF(M23="",0,M23),"")) | U23: =IF(OR(A23="",E23="",Q23="Paid",Q23="Voided"),"",IFERROR(E23-TODAY(),"")) | V23: =IF(A23="","",IF(Q23="Voided","Voided",IF(O23="Rejected","Review rejected bill",IF(O23<>"Approved","Approval check",IF(Q23="Paid",IF(R23="","Check payment date","Paid"),IF(Q23="On Hold","On hold",IF(Q23="","Payment status check",IF(E23="","Check due date",IF(E23<TODAY(),"Overdue",IF(E23<=TODAY()+Assumptions!$B$3,"Due soon","Open"))))))))))
L24: =IF(OR(A24="",I24="",K24=""),"",IFERROR(I24*K24,"")) | N24: =IF(A24="","",IFERROR(L24+IF(M24="",0,M24),"")) | U24: =IF(OR(A24="",E24="",Q24="Paid",Q24="Voided"),"",IFERROR(E24-TODAY(),"")) | V24: =IF(A24="","",IF(Q24="Voided","Voided",IF(O24="Rejected","Review rejected bill",IF(O24<>"Approved","Approval check",IF(Q24="Paid",IF(R24="","Check payment date","Paid"),IF(Q24="On Hold","On hold",IF(Q24="","Payment status check",IF(E24="","Check due date",IF(E24<TODAY(),"Overdue",IF(E24<=TODAY()+Assumptions!$B$3,"Due soon","Open"))))))))))
L25: =IF(OR(A25="",I25="",K25=""),"",IFERROR(I25*K25,"")) | N25: =IF(A25="","",IFERROR(L25+IF(M25="",0,M25),"")) | U25: =IF(OR(A25="",E25="",Q25="Paid",Q25="Voided"),"",IFERROR(E25-TODAY(),"")) | V25: =IF(A25="","",IF(Q25="Voided","Voided",IF(O25="Rejected","Review rejected bill",IF(O25<>"Approved","Approval check",IF(Q25="Paid",IF(R25="","Check payment date","Paid"),IF(Q25="On Hold","On hold",IF(Q25="","Payment status check",IF(E25="","Check due date",IF(E25<TODAY(),"Overdue",IF(E25<=TODAY()+Assumptions!$B$3,"Due soon","Open"))))))))))
L26: =IF(OR(A26="",I26="",K26=""),"",IFERROR(I26*K26,"")) | N26: =IF(A26="","",IFERROR(L26+IF(M26="",0,M26),"")) | U26: =IF(OR(A26="",E26="",Q26="Paid",Q26="Voided"),"",IFERROR(E26-TODAY(),"")) | V26: =IF(A26="","",IF(Q26="Voided","Voided",IF(O26="Rejected","Review rejected bill",IF(O26<>"Approved","Approval check",IF(Q26="Paid",IF(R26="","Check payment date","Paid"),IF(Q26="On Hold","On hold",IF(Q26="","Payment status check",IF(E26="","Check due date",IF(E26<TODAY(),"Overdue",IF(E26<=TODAY()+Assumptions!$B$3,"Due soon","Open"))))))))))
... L104: =IF(OR(A104="",I104="",K104=""),"",IFERROR(I104*K104,"")) | N104: =IF(A104="","",IFERROR(L104+IF(M104="",0,M104),"")) | U104: =IF(OR(A104="",E104="",Q104="Paid",Q104="Voided"),"",IFERROR(E104-TODAY(),"")) | V104: =IF(A104="","",IF(Q104="Voided","Voided",IF(O104="Rejected","Review rejected bill",IF(O104<>"Approved","Approval check",IF(Q104="Paid",IF(R104="","Check payment date","Paid"),IF(Q104="On Hold","On hold",IF(Q104="","Payment status check",IF(E104="","Check due date",IF(E104<TODAY(),"Overdue",IF(E104<=TODAY()+Assumptions!$B$3,"Due soon","Open"))))))))))

Sheet Assumptions
A1: Accounts Payable Assumptions and Lists
A2: Edit the due-soon window and stable choices used on the Bills sheet.
A3: Due Soon Window (Days) | B3: 7
A5: Suppliers | B5: Cost Categories | C5: Units | D5: Approval Statuses | E5: Payment Statuses | F5: Payment Methods | G5: Reviewers
A6: Fictional Meadow Supply Co. | B6: Materials | C6: each | D6: Pending | E6: Open | F6: ACH | G6: Fictional Employee - Avery Reed
A7: Fictional Ironleaf Equipment LLC | B7: Equipment Repair | C7: hours | D7: Approved | E7: Scheduled | F7: Check | G7: Fictional Employee - Morgan Vale
A8: Fictional Northstar Fuel Depot | B8: Fuel | C8: gallons | D8: Rejected | E8: Paid | F8: Credit Card | G8: Fictional Employee - Jordan Lake
A9: Fictional Clearbrook Disposal | B9: Disposal | C9: pounds | E9: On Hold | F9: Cash | G9: Fictional Employee - Riley Moss
A10: Fictional Greenbeam Nursery | B10: Plant Material | C10: cubic yards | E10: Voided | F10: Other
A11: Fictional Alderline Rentals | B11: Equipment Rental | C11: tons
A12: Fictional Papertrail Office Supply | B12: Office | C12: months
A13: Fictional Harborstone Repair | B13: Other | C13: miles
